 Dungeon Crawl Stone Soup version 0.31.0-32-g396128a36d (webtiles) character file.

Game seed: 15101179465655721196

651 PaiMei the Grave Robber (level 7, -5/51 HPs)
             Began as a Demonspawn Necromancer on Mar 30, 2024.
             Killed by nerve-wracking pain
             ... invoked by a shadow imp
              (14 damage)
             ... on level 6 of the Dungeon.
             The game lasted 00:05:47 (4779 turns).

PaiMei the Grave Robber (Demonspawn Necromancer)    Turns: 4779, Time: 00:05:47

Health: -5/51      AC: 15    Str: 15    XL:     7   Next: 28%
Magic:  13/13      EV: 13    Int: 17    God:
Gold:   323        SH:  0    Dex: 13    Spells: 10/14 levels left

rFire   + . .        a - +3 dagger (vamp)
rCold   . . .        (no shield)
rNeg    . . .        r - +2 leather armour {rF+}
rPois   +            e - +1 hat
rElec   .            (no cloak)
rCorr   .            (no gloves)
SInv    .            (no boots)
Will    .....        (no amulet)
Stlth   ++           i - ring of poison resistance
HPRegen 0.28/turn    m - +6 ring of strength
MPRegen 0.13/turn

%: no passive effects
@: sanguine armoured
A: horns 1, sanguine armour 2
a: no special abilities


You were on level 6 of the Dungeon.
You visited 1 branch of the dungeon, and saw 6 of its levels.

You collected 323 gold pieces.

Inventory:

Hand Weapons
 a - a +3 vampiric dagger (weapon)
Missiles
 u - 4 darts of dispersal (quivered)
Armour
 e - a +1 hat (worn)
 r - a +2 leather armour of fire resistance (worn)
Jewellery
 i - a ring of poison resistance (left hand)
 m - a +6 ring of strength (right hand)
Wands
 c - a wand of polymorph (13)
Scrolls
 d - 5 scrolls of identify {unknown}
 f - 2 scrolls of poison {unknown}
 j - a scroll of teleportation {unknown}
 l - a scroll of butterflies {unknown}
 o - a scroll of noise {unknown}
 s - a scroll of enchant armour {unknown}
 v - 2 scrolls of enchant weapon {unknown}
 w - a scroll of blinking {unknown}
 x - a scroll of vulnerability {unknown}
Potions
 b - a potion of magic
 g - 2 potions of brilliance {unknown}
 h - 6 potions of curing {unknown}
 k - 2 potions of haste {unknown}
 n - a potion of might {unknown}
 p - a potion of enlightenment {unknown}
 q - a potion of degeneration {unknown}
 t - a potion of heal wounds {unknown}


   Skills:
 + Level 2.7 Fighting
 + Level 4.0 Dodging
 - Level 3.0 Stealth
 + Level 4.0 Spellcasting
 + Level 6.1 Necromancy


You had 10 spell levels left.
You knew the following spells:

 Your Spells              Type           Power      Damage    Failure   Level
a - Necrotise             Necr           96%        1d8       1%          1
b - Vampiric Draining     Necr           24%        2d7       4%          3

Your spell library contained the following spells:

 Spells                   Type           Power      Damage    Failure   Level
 Animate Dead             Necr           24%        N/A       16%         4
 Curse of Agony           Necr           24%        N/A       38%         5
 Tukima's Dance           Hex            3%         N/A       50%         3
 Manifold Assault         Tloc           3%         N/A       88%         4
 Passage of Golubria      Tloc           3%         N/A       88%         4
 Yara's Violent Unravell  Hex/Alch       1%         3d3       99%         5
 Dispersal                Tloc           1%         N/A       100%        6
 Disjunction              Tloc           1%         N/A       100%        8


Dungeon Overview and Level Annotations

Branches:
Dungeon (6/15)
 Temple: D:4-7

Altars:
Cheibriados
Hepliaklqana
Nemelex Xobeh

Shops:
D:5 **


Innate Abilities, Weirdness & Mutations

You have a pair of small horns on your head.
When seriously injured, your blood forms thick armour. (AC +9)


Message History

The shadow imp gestures at you. Pain shoots through your body!
The phantom attacks as it pursues you! The phantom hits you.
The phantom blinks!
You blink.
The phantom attacks as it pursues you! The phantom completely misses you.
The shadow imp gestures at you.
You struggle to resist.
The shadow imp gestures at you. Pain shoots through your body!
An orc priest comes into view. It is wielding a +0 short sword.
The shadow imp attacks as it pursues you!
The shadow imp misses you.
An orc comes into view.
It is wielding a +2 morningstar of protection.
The orc priest misses you.
An orc priest comes into view. It is wielding a +0 trident.
An orc and an orc wizard come into view.
The orc priest hits you with a +0 short sword.
The orc shouts! x2
You hit the orc.
You feel better.
You headbutt the orc.
You kill the orc!
You hear a shout!
The orc priest calls down the wrath of Beogh upon you.
Beogh smites you!
The shadow imp attacks as it pursues you!
The shadow imp barely misses you.
The orc hits you with a +2 morningstar of protection!
* * * LOW HITPOINT WARNING * * *
The orc wizard gestures wildly while chanting.
The orc wizard flickers and vanishes!
Deactivating autopickup; reactivate with Ctrl-A.
You see here a +0 war axe.
The shadow imp attacks as it pursues you!
The shadow imp hits you but does no damage.
You hear some strange, mumbled words.
A puff of flame appears from out of thin air!
The puff of flame hits you. You resist.
* * * LOW HITPOINT WARNING * * *
There is a stone staircase leading up here.
The shadow imp gestures at you. Pain shoots through your body!
You die...

#....####...
#...........#
...........# ..
#..........# ...
#..........#
....#..........#
...............#
.......@.......#
.......{5......# .
....<..o.W.....# ..
.....#####..#####...
.....o..............
.....#####..........
############..##....
#............# ...
#.........W#......


You could see a phantom, a shadow imp and an orc.

Vanquished Creatures
  A water moccasin (D:5)
  A black bear (D:5)
  2 scorpions (D:5)
  3 hounds
  2 jellies (D:4)
  2 iguanas
  5 adders
  A shadow imp (D:5)
  A ribbon worm (D:4)
  2 dart slugs
  4 orcs
  6 ball pythons
  7 endoplasms
  3 giant cockroaches
  7 goblins
  5 hobgoblins
  3 jackals
  4 quokkas
  7 bats
  2 frilled lizards
  6 kobolds
  3 rats
77 creatures vanquished.

Vanquished Creatures (collateral kills)
  A goblin (D:1)
  A jackal (D:2)
  A quokka (D:2)
  2 ball pythons
5 creatures vanquished.

Grand Total: 82 creatures vanquished

Notes
Turn   | Place    | Note
-------+----------+-------------------------------------------
     0 | D:1      | PaiMei the Demonspawn Necromancer began the quest for the
                  | Orb.
     0 | D:1      | Reached XP level 1. HP: 13/13 MP: 3/3
   129 | D:1      | Gained mutation: When seriously injured, your blood forms
                  | armour. (AC +9) [demonic ancestry]
   129 | D:1      | Reached XP level 2. HP: 19/19 MP: 1/5
   727 | D:1      | Found a faded altar of an unknown god.
   840 | D:2      | Reached XP level 3. HP: 18/24 MP: 3/6
  1166 | D:2      | You fall into a shaft and drop 2 floors!
  1685 | D:3      | Gained mutation: When seriously injured, your blood forms
                  | thick armour. (AC +9) [demonic ancestry]
  1685 | D:3      | Reached XP level 4. HP: 30/30 MP: 4/7
  2159 | D:3      | Reached skill level 5 in Necromancy
  2168 | D:3      | Learned a level 3 spell: Vampiric Draining
  2231 | D:3      | Found a sparkling altar of Nemelex Xobeh.
  2824 | D:4      | Found a hazy altar of Hepliaklqana.
  2942 | D:4      | Reached XP level 5. HP: 35/35 MP: 3/9
  3448 | D:4      | Noticed an ogre
  3463 | D:5      | Entered Level 5 of the Dungeon
  3515 | D:5      | Found a snail-covered altar of Cheibriados.
  3593 | D:5      | Reached skill level 1 in Fighting
  3651 | D:5      | Found Zin's Purification Station.
  3810 | D:5      | Gained mutation: You have a pair of small horns on your
                  | head. [demonic ancestry]
  3810 | D:5      | Reached XP level 6. HP: 43/43 MP: 6/10
  4434 | D:5      | Noticed a water moccasin
  4439 | D:5      | Killed a water moccasin
  4440 | D:5      | Reached skill level 6 in Necromancy
  4440 | D:5      | Reached XP level 7. HP: 51/51 MP: 2/12
  4625 | D:5      | Found Urusy's Assorted Antiques.
  4779 | D:6      | Killed from afar by a shadow imp

Illustrated notes

Levels and vault maps discovered:
D:1:      lightli_arrival_chessboard, layout_rooms, serial_forest,
          infiniplex_forest_lined_2, infiniplex_forest_clump_tiny,
          infiniplex_forest_clump_curved, infiniplex_forest_end_3,
          shapermc_ecumenical_altar_hornbeckon, minmay_surrounded
D:2:      layout_basic, cheibrodos_gnoll_hut
D:3:      layout_loops_corners, mainiacjoe_overflow_surrounded_room, hex_tiny
D:4:      layout_layer_cave, mainiacjoe_overflow_brackets
D:5:      layout_basic, zin_purify, amcnicky_altar_gilded, serial_shops,
          nicolae_stop_n_shop_1, kennysheep_cross_room
D:6:      layout_rooms, gammafunk_temple_overflow_elements, roderic_lattice_a

Skill      XL: |  1  2  3  4  5  6  7 |
---------------+----------------------+-----
Stealth        | 2 3 |  3.0
Dodging        | 2 3 4 |  4.0
Necromancy     | 5 6 |  6.1
Spellcasting   | 3 4 |  4.0
Fighting       | 1 2 |  2.7

Action                     |  1- 3 |  4- 6 |  7- 9 || total
---------------------------+-------+-------+-------++-------
  Melee: Dagger            |    11 |    11 |    12 ||    34
         Spear             |     6 |     3 |       ||     9
         Headbutt          |       |       |     3 ||     3
   Cast: Necrotise         |    71 |    95 |     3 ||   169
         Vampiric Draining |       |     8 |     1 ||     9
   Stab: Distracted        |     1 |       |       ||     1
 Armour: Robe              |    15 |       |       ||    15
         Leather armour    |    10 |    18 |    13 ||    41
  Dodge: Dodged            |    28 |    33 |    12 ||    73
